 Dungeon Crawl Stone Soup version 0.29-a0-717-g6dac4ea423 (webtiles) character file.

Game seed: 14882618971129885291

903 polve the Agent of Entropy (level 7, -2/53 HPs)
             Began as a Demonspawn Abyssal Knight on June 26, 2022.
             Was a Priest of Lugonu.
             Slain by a gnoll
             ... wielding a +0 spear
              (6 damage)
             ... on level 5 of the Dungeon.
             The game lasted 00:06:54 (5497 turns).

polve the Agent of Entropy (DsAK)                   Turns: 5497, Time: 00:06:54

Health: -2/53      AC:  4    Str: 14    XL:     7   Next: 80%
Magic:  13/13      EV: 11    Int: 13    God:    Lugonu [***...]
Gold:   147        SH:  0    Dex: 13    Spells: 9/10 levels left

rFire   . . .      SeeInvis .   c - +7 Throatcutter {drain, coup de grace}
rCold   . . .      Faith    .   (no shield)
rNeg    . . .      Spirit   .   b - +0 leather armour
rPois   .          Reflect  .   (no helmet)
rElec   .          Harm     .   n - +0 cloak
rCorr   .          Rampage  .   (no gloves)
Will    .....                   (no boots)
Stlth   +.........              (no amulet)
HPRegen 1.17/turn               (no ring)
MPRegen 0.13/turn               (no ring)

@: no status effects
A: powered by death 2, demonic touch 1
a: Renounce Religion, Depart the Abyss, Bend Space, Banish


You were on level 5 of the Dungeon.
You worshipped Lugonu.
Lugonu was most pleased with you.
You visited 1 branch of the dungeon, and saw 5 of its levels.
You visited the Abyss 1 time.

You collected 147 gold pieces.

Inventory:

Hand Weapons
 a - a +1 short sword
 c - the +7 Throatcutter (weapon) {drain, coup de grace}
   (You found it on level 4 of the Dungeon)

   A truly terrible weapon, it drains the life of any living foe it strikes.
   It may instantly kill foes which have little health.
Armour
 b - a +0 leather armour (worn)
 n - a +0 cloak (worn)
 o - a +0 pair of gloves
Scrolls
 d - a scroll of noise {unknown}
 f - 4 scrolls of blinking
 g - a scroll of teleportation
 h - a scroll of enchant weapon {unknown}
 j - a scroll of magic mapping
 k - 2 scrolls of poison
 l - a scroll of vulnerability
 m - a scroll of amnesia
Potions
 e - a potion of ambrosia
 i - 2 potions of curing


   Skills:
 + Level 3.7 Fighting
 - Level 4.0 Short Blades
 - Level 1.7 Armour
 - Level 0.8 Dodging
 - Level 2.0 Spellcasting
 - Level 4.0 Conjurations
 - Level 8.0 Invocations


You had 9 spell levels left.
You knew the following spells:

 Your Spells              Type           Power      Damage    Failure   Level
z - Magic Dart            Conj           44%        1d5       6%          1

Your spell library contained the following spells:

 Spells                   Type           Power      Damage    Failure   Level
 Call Imp                 Summ           1%         N/A       43%         2
 Mephitic Cloud           Conj/Pois/Air  4%         N/A       50%         3
 Inner Flame              Hex/Fire       1%         N/A       67%         3
 Cause Fear               Hex            0%         N/A       97%         4
 Discord                  Hex            0%         N/A       100%        8


Dungeon Overview and Level Annotations

Branches:
Dungeon (5/15)
 Temple: D:4-7

Altars:
Beogh


Innate Abilities, Weirdness & Mutations

You regenerate health from kills.
Your touch may inflict minor irresistible damage on your foes.


Message History

Things that are here:
a +0 dagger; a +0 club; an iguana corpse The gnoll attacks as you move away!
The gnoll hits you with a +0 flail. Something hits you.
The hound bites you but does no damage.
You bump into the rock wall.
You feel less confused. The hound misses you. The gnoll misses you.
The gnoll hits you with a +0 flail!
The gnoll hits you from afar with a +0 spear.
Something hits you but does no damage.
You barely miss the gnoll. The hound bites you but does no damage.
The gnoll hits you with a +0 flail! Something hits you but does no damage.
The gnoll hits you from afar with a +0 spear.
* * * LOW HITPOINT WARNING * * *
The gnoll hits you with a +0 flail.
* * * LOW HITPOINT WARNING * * *
The hound bites you.
* * * LOW HITPOINT WARNING * * *
The gnoll barely misses you. Something hits you.
* * * LOW HITPOINT WARNING * * *
The gnoll hits you but does no damage. The hound closely misses you.
Things that are here:
a +0 dagger; a +0 club; an iguana corpse The gnoll closely misses you.
The gnoll hits you with a +0 flail.
* * * LOW HITPOINT WARNING * * *
The gnoll closely misses you. The hound bites you but does no damage.
The gnoll attacks as you move away! The gnoll hits you with a +0 flail.
* * * LOW HITPOINT WARNING * * *
The gnoll hits you from afar with a +0 spear.
* * * LOW HITPOINT WARNING * * *
Something hits you.
* * * LOW HITPOINT WARNING * * *
The hound bites you but does no damage.
There is a stone staircase leading up here.
You hear some strange, mumbled words.
A puff of flame appears from out of thin air!
The puff of flame hits you.
* * * LOW HITPOINT WARNING * * *
The gnoll hits you from afar with a +0 spear.
You die...

.... ....## .....
.W...# .... .....#
...##....#
#.......# ....
###.......#.....
###.........#.....
#.......@...#.....
.......{hg......$.
........gg........
..................
.........)........
......)†..........
.........####.....
.......... .....
......#.... ....


You could see a phantom, a hound and 3 gnolls.

Vanquished Creatures
  Sigmund (D:4)
  2 black bears (D:4)
  2 phantoms
  A kobold brigand (D:4)
  2 hounds
  3 iguanas
  Terence (D:3)
  An orc wizard (D:3)
  2 gnolls
  4 adders
  A worm (D:5)
  A dart slug (D:1)
  9 orcs
  16 ball pythons
  6 bats (D:1)
  9 endoplasms
  4 giant cockroaches
  6 goblins
  9 hobgoblins
  13 kobolds
  A quokka (D:4)
  A frilled lizard (D:1)
  4 rats
99 creatures vanquished.

Notes
Turn   | Place    | Note
-------+----------+-------------------------------------------
     0 | Abyss:1  | polve the Demonspawn Abyssal Knight began the quest for the
                  | Orb.
     0 | Abyss:1  | Reached XP level 1. HP: 18/18 MP: 2/2
     0 | Abyss:1  | Found a corrupted altar of Lugonu.
   210 | Abyss:2  | Noticed an orange demon
   223 | Abyss:3  | Noticed a water elemental
   223 | Abyss:3  | Noticed a water elemental
   223 | Abyss:3  | Noticed an earth elemental
   224 | D:1      | Escaped the Abyss
   330 | D:1      | Reached ** piety under Lugonu
   461 | D:1      | Gained mutation: Your touch may inflict minor irresistible
                  | damage on your foes. [demonic ancestry]
   461 | D:1      | Reached XP level 2. HP: 24/24 MP: 3/3
   782 | D:1      | Gained mutation: You regenerate a little health from kills.
                  | [demonic ancestry]
   782 | D:1      | Reached XP level 3. HP: 12/29 MP: 4/4
  1562 | D:1      | Learned a level 1 spell: Magic Dart
  1595 | D:2      | You fall into a shaft and drop 1 floor!
  2430 | D:2      | Reached XP level 4. HP: 31/35 MP: 5/5
  2864 | D:3      | Noticed a phantom
  2880 | D:3      | Killed a phantom
  2881 | D:3      | Reached skill level 1 in Spellcasting
  2881 | D:3      | Reached skill level 1 in Conjurations
  2881 | D:3      | Gained mutation: You regenerate health from kills. [demonic
                  | ancestry]
  2881 | D:3      | Reached XP level 5. HP: 22/41 MP: 5/7
  3100 | D:3      | Noticed Terence
  3112 | D:3      | Killed Terence
  3145 | D:3      | Found a faded altar of an unknown god.
  3220 | D:3      | Reached *** piety under Lugonu
  3844 | D:4      | Noticed a phantom
  3856 | D:4      | Killed a phantom
  3857 | D:4      | Reached XP level 6. HP: 33/47 MP: 9/9
  4038 | D:4      | Reached skill level 4 in Invocations
  4309 | D:4      | Found the +7 Throatcutter {drain, coup de grace}
  4322 | D:4      | Reached skill level 5 in Invocations
  4444 | D:4      | Reached XP level 7. HP: 46/52 MP: 9/11
  4525 | D:4      | Reached skill level 6 in Invocations
  4974 | D:4      | Noticed Sigmund
  4984 | D:4      | Killed Sigmund
  4985 | D:4      | Reached skill level 8 in Invocations
  5464 | D:5      | Entered Level 5 of the Dungeon
  5497 | D:5      | Slain by a gnoll

Illustrated notes

Levels and vault maps discovered:
D:1:      dpeg_arrival_refuge, layout_basic, st_stairs_3
D:2:      layout_loops_ring, kennysheep_generic_room_15
D:3:      layout_loops_ring, hellmonk_ecumenical_altar_defaced_shrine,
          uniq_terence
D:4:      layout_gridville, dilly_guarded_unrand_throatcut, uniq_sigmund
D:5:      layout_basic

Skill      XL: |  1  2  3  4  5  6  7 |
---------------+----------------------+-----
Short Blades   | 2 3 4 |  4.0
Spellcasting   | 1 2 |  2.0
Conjurations   | 1 3 4 |  4.0
Invocations    | 5 8 |  8.0
Fighting       | |  3.7
Armour         | |  1.7
Dodging        | |  0.8

Action                   |  1- 3 |  4- 6 |  7- 9 || total
-------------------------+-------+-------+-------++-------
Melee: Short sword       |   101 |   147 |       ||   248
       Touch             |    15 |    18 |     6 ||    39
       Punch             |       |     2 |       ||     2
       Unarmed           |       |     6 |       ||     6
       Long sword        |       |     4 |    44 ||    48
Invok: Depart the Abyss  |     1 |       |       ||     1
  Use: Scroll            |       |     6 |       ||     6
       Potion            |       |     6 |       ||     6
 Stab: Sleeping          |       |       |     1 ||     1
Armor: Leather armour    |    31 |    27 |    25 ||    83
       Skin              |       |    16 |       ||    16
Dodge: Dodged            |    73 |    77 |    37 ||   187

Table legend: (Time is in decaauts)
 A = Elapsed time spent in this place.
 B = Non-inter-level travel time spent in this place.
 C = Inter-level travel time spent in this place.
 D = Time resting spent in this place.
 E = Time spent auto-exploring this place.
 F = Levels seen in this place.
 G = Mean time per level.
                   A        B        C        D        E       F      G
               +--------+--------+--------+--------+--------+-----+--------+
         Total |   5468 |   5345 |    123 |    243 |   4381 |   8 |  683.5 |
       Dungeon |   5243 |   5120 |    123 |    243 |   4182 |   5 | 1048.6 |
         Abyss |    225 |    225 |      0 |      0 |    199 |   3 |   75.0 |
               +--------+--------+--------+--------+--------+-----+--------+

Top non-repeatable levels by time:
     D:4: 1595 daAuts
     D:1: 1362 daAuts
     D:3: 1355 daAuts
     D:2: 892 daAuts
 Abyss:1: 172 daAuts
 Abyss:2: 52 daAuts
     D:5: 37 daAuts
 Abyss:3: 0 daAuts
